 Dungeon Crawl Stone Soup version 0.24.0-13-gcf9b319 (webtiles) character file.

Game seed: 1573200685900041479, levelgen mode: deterministic

191 Fang the Shield-Bearer (level 5, -15/34 HPs)
             Began as a Gargoyle Fighter on Jan 3, 2020.
             Demolished by an ogre
             ... wielding a +0 giant club
              (23 damage)
             ... on level 4 of the Dungeon.
             The game lasted 00:02:58 (2227 turns).

Fang the Shield-Bearer (Gargoyle Fighter)           Turns: 2227, Time: 00:02:58

Health: -15/34     AC: 15    Str: 25    XL:     5   Next: 70%
Magic:  5/5        EV:  7    Int:  9    God:
Gold:   249        SH: 10    Dex:  9    Spells: 4/4 levels left

rFire    . . .     SeeInvis .   a - +0 war axe
rCold    . . .     Gourm    .   B - +0 shield
rNeg     + . .     Faith    .   b - +0 scale mail
rPois    ∞         Spirit   .   (no helmet)
rElec    +         Reflect  .   (no cloak)
rCorr    .         Harm     .   (no gloves)
MR       .....                  (no boots)
Stlth    ..........             (no amulet)
HPRegen  0.11/turn              g - +4 ring of protection
MPRegen  0.09/turn              (no ring)

@: mighty
A: negative energy resistance 1, electricity resistance, unbreathing,
petrification resistance, rot immunity, AC +4
a: no special abilities


You were on level 4 of the Dungeon.
You were hungry.

You visited 1 branch of the dungeon, and saw 4 of its levels.

You collected 249 gold pieces.

Inventory:

Hand Weapons
 a - a +0 war axe (weapon)
Armour
 b - a +0 scale mail (worn)
 B - a +0 shield (worn)
Jewellery
 g - a +4 ring of protection (left hand)
Scrolls
 f - a scroll of fear {unknown}
 h - a scroll of enchant armour {unknown}
 j - 2 scrolls of teleportation
 n - 2 scrolls of remove curse
 o - a scroll of enchant weapon {unknown}
Potions
 d - a potion of might
 e - a potion of agility {unknown}
 i - 2 potions of heal wounds {unknown}
 k - a potion of curing
 l - a potion of berserk rage {unknown}
 m - a potion of brilliance {unknown}
Comestibles
 c - 5 rations


   Skills:
 + Level 4.4 Fighting
 + Level 2.9 Axes
 + Level 4.4 Armour
 + Level 4.4 Shields


You had 4 spell levels left.
You didn't know any spells.
Your spell library was empty.

Dungeon Overview and Level Annotations

Branches:
Dungeon (4/15)             Temple (0/1) D:4

Altars:


Innate Abilities, Weirdness & Mutations

You are resistant to torment.
Your stone body is resilient. (AC +4)
You are immune to poison.
You resist negative energy. (rN+)
You are resistant to electric shocks. (rElec)
You can survive without breathing.
You are immune to petrification.
You are immune to rotting.


Message History

* * * LOW HITPOINT WARNING * * *
You are too injured to fight recklessly!
You are too injured to fight recklessly!
You are too injured to fight recklessly!
You are too injured to fight recklessly!
You are too injured to fight recklessly!
You are too injured to fight recklessly!
You are too injured to fight recklessly!
You are too injured to fight recklessly!
You are too injured to fight recklessly!
You are too injured to fight recklessly!
You are too injured to fight recklessly!
You feel very mighty all of a sudden. The ogre barely misses you.
Your shield and scale mail prevent you from hitting the ogre.
The ogre is severely wounded.
You hear the slow rusting of a very distant drain.
The ogre hits you with a +0 giant club!!
Ouch! That really hurt!
You die...

#.# #.#
#.# #.# ##
#.# .#
##.# ##.#
#..# #..
#.## #O#
#..## ##@#
##..###..#
##.....##
#######


You could see an ogre.

Vanquished Creatures
  Jessica (D:3)
  Terence (D:3)
  5 adders
  An ooze (D:1)
  2 worms (D:3)
  A dart slug (D:3)
  4 leopard geckos
  An orc (D:3)
  2 ball pythons
  10 bats
  6 giant cockroaches
  9 goblins
  11 hobgoblins
  4 jackals
  A frilled lizard (D:2)
  8 kobolds
  7 rats
74 creatures vanquished.

Notes
Turn   | Place    | Note
-------+----------+-------------------------------------------
     0 | D:1      | Fang the Gargoyle Fighter began the quest for the Orb.
     0 | D:1      | Reached XP level 1. HP: 14/14 MP: 1/1
    56 | D:1      | Reached XP level 2. HP: 11/19 MP: 2/2
   285 | D:1      | Reached XP level 3. HP: 23/23 MP: 3/3
   659 | D:2      | You fall into a shaft and drop 1 floor!
   714 | D:3      | Reached XP level 4. HP: 25/29 MP: 4/4
   722 | D:3      | Found a faded altar of an unknown god.
   997 | D:3      | Noticed Jessica
  1005 | D:3      | Killed Jessica
  1034 | D:3      | Noticed Terence
  1056 | D:3      | Killed Terence
  1056 | D:3      | Reached XP level 5. HP: 26/33 MP: 5/5
  2182 | D:4      | Found a staircase to the Ecumenical Temple.
  2218 | D:4      | Noticed an ogre
  2227 | D:4      | Demolished by an ogre

Levels and vault maps discovered:
D:1:      dpeg_arrival_pits, layout_basic
D:2:      layout_basic, first_ration
D:3:      layout_loops_cross, chequers_ecumenical_altar_simple, uniq_jessica,
          uniq_terence
D:4:      layout_basic, minmay_temple_entry_drinking_statues,
          portal_sewer_entry_f, uniq_natasha, uniq_blork_the_orc

Skill      XL: |  1  2  3  4 |
---------------+-------------+-----
Axes           | 2 |  2.9
Shields        | 4 |  4.4
Fighting       | 4 |  4.4
Armour         | 4 |  4.4

Action                   |  1- 3 |  4- 6 || total
-------------------------+-------+-------++-------
Melee: War axe           |   105 |   153 ||   258
  Use: Scroll            |     5 |       ||     5
       Potion            |       |     1 ||     1
  Eat: Chunk             |       |     4 ||     4
Armor: Scale mail        |    72 |    96 ||   168
Dodge: Dodged            |    42 |    55 ||    97
Block: Shield            |    74 |    78 ||   152
